 Dungeon Crawl Stone Soup version 0.02-32-ge3bdf77 (webtiles) character file.

Game seed: 1811866785784293476, levelgen mode: deterministic

33 Illumine the Ruffian (level 3, 0/23 HPs) Lignifite Noble. Began on Aug 10, 2020. Slain by a cinder newt (1 damage) ... on level 1 of the Dungeon on Aug 11, 2020. The game lasted 00:05:33 (710 turns).

Illumine the Ruffian (Lignifite Noble)               Turns: 710, Time: 00:05:34

Health: 0/23       AC:  1    Str: 21    XL:     3 ^: 49
Magic:  5/5        EV: 15    Int: 12    God:
Gold:   752        SH:  2    Dex:  5    Spells: 4/4 levels left

rFire    x . .     Vision   .     - Unarmed
rCold    . . .     Gourm    .     - Unarmed
rNeg     . . .     Faith    .   a - +0 robe
rPois    +         Spirit   .   (helmet restricted)
rElec    .         Reflect  .   (no cloak)
rCorr    .         Harm     .   (gloves unavailable)
MR       .....                  (boots unavailable)
Stlth    +.........             (no amulet)
HPRegen  0.17/turn              (no ring)
MPRegen  0.15/turn              (no ring)

@: quick
A: very small, rF-, deformed body, speed 1, poison resistance, slow metabolism
1, torment resistance, plant, rot immunity
a: no special abilities


You were on level 1 of the Dungeon.
You were not hungry.

You visited 1 branch of the dungeon, and saw 1 of its levels.
You also visited: Market.

You collected 12 gold pieces.
You spent 260 gold pieces at shops.

Inventory:

Shields
 c - a +0 buckler of reflection
Armour
 a - a +0 robe (worn)
Scrolls
 d - a scroll of fog
Potions
 e - a potion of mutation
 f - a potion of agility
Comestibles
 b - 3 rations


   Skills:
 - Level 1.0 Fighting
 - Level 0.8 Stealth
 + Level 2.8 Unarmed Combat
 - Level 1.1 Spellcasting


You had 4 spell levels left.
You didn't know any spells.
Your spell library was empty.

Dungeon Overview and Level Annotations

Branches:
Dungeon (1/8)

Altars:


Innate Abilities, Weirdness & Mutations

Your woody flesh burns easily. (rF-)
A tangle of shorter branches protects your body from attack. (+2 SH)
You are very small and have problems with some larger weapons.
You are too small for most types of armour.
Armour fits poorly on your strangely shaped body.
You cover ground quickly.
Your system is resistant to poisons. (rPois)
You have a slow metabolism.
You are immune to unholy pain and torment.
You require very little carbon dioxide to survive.
You are immune to rotting.


Message History

The cinder newt is lightly wounded. (10/12) HP The rat bites you (2).
You barely miss the cinder newt. You closely miss the cinder newt.
The cinder newt bites you (1). The cinder newt burns you!
The fire burns you terribly!
* * * LOW HITPOINT WARNING * * *
The kobold hits you (1).
* * * LOW HITPOINT WARNING * * *
You closely miss the cinder newt. You barely miss the cinder newt.
The rat closely misses you (0).
You closely miss the cinder newt. x2; The cinder newt barely misses you (0).
The kobold barely misses you (0).
You closely miss the cinder newt. You barely miss the cinder newt.
The rat twitches its whiskers.
The rat barely misses you (0).
You closely miss the cinder newt. You miss the cinder newt.
The kobold hits you (2).
* * * LOW HITPOINT WARNING * * *
The cinder newt bites you (1).
You die...

#.# #.# ### #.. ....
... .... # #.# ..?
#.######.##.#
####......rK...####
!.........@l......
.........$....... ..
..#.##.#..#..... #.#
#.#.#.....# #### #.#
#.#.#..#..# #.#
#......#..# #.#
#..†#..#..# #.#
#...#.....#.# #.g.....
###.#####...#..#..#.##
#......#


You could see a cinder newt, a kobold and a rat.

Vanquished Creatures
  2 cinder newts (D:1)
  2 dart slugs (D:1)
  2 giant cockroaches (D:1)
  2 goblins (D:1)
  A hobgoblin (D:1)
  2 kobolds (D:1)
  2 bats (D:1)
  4 rats (D:1)
17 creatures vanquished.

Notes
Turn   | Place    | Note
-------+----------+-------------------------------------------
     0 | Start Ma | Illumine the Lignifite Noble began the quest for the Orb.
     0 | Start Ma | Reached XP level 1. HP: 12/12 MP: 3/3
     0 | Start Ma | Found Gaitot's Expert Tomes.
    10 | Start Ma | Found Sojeud's Auxillary Armour.
    18 | Start Ma | Found Dopuill's Mashing MeleeMart.
    89 | Start Ma | Bought a +0 buckler of reflection for 260 gold pieces
    97 | D:1      | Illumine set off with the following items: a +0 robe, a
                  | ration, a +0 buckler of reflection
   276 | D:1      | Reached skill level 1 in Unarmed Combat
   387 | D:1      | Reached XP level 2. HP: 11/18 MP: 4/4
   507 | D:1      | Reached skill level 2 in Unarmed Combat
   642 | D:1      | Reached XP level 3. HP: 23/23 MP: 5/5
   646 | D:1      | Upgraded the game from 0.02-27-gdbaa00d to 0.02-32-ge3bdf77
   710 | D:1      | HP: 1/23 [kobold (2)]
   710 | D:1      | Slain by a cinder newt

Levels and vault maps discovered:
D:1:      onia_arrival_pyramid, layout_basic, minmay_tiny_reverse_x

Skill      XL: |  1  2 |
---------------+-------+-----
Unarmed Combat | 1 2 |  2.8
Fighting       | |  1.0
Stealth        | |  0.8
Spellcasting   | |  1.1

Action                   || total
-------------------------++-------
Melee: Unarmed           ||   419
  Use: Potion            ||     1
Armor: Robe              ||     7
Dodge: Dodged            ||   118
Block: Other             ||     3
